 Dungeon Crawl Stone Soup version 0.29.1-12-g30fa7ad0bf (webtiles) character file.

Game seed: 13360547810276837239

1208 MisterFreud the Changer (level 8, -2/79 HPs)
             Began as a White Draconian Transmuter on Dec 28, 2022.
             Shot with a bolt by an orc warrior (31 damage)
             ... on level 6 of the Dungeon.
             The game lasted 00:06:33 (6085 turns).

MisterFreud the Changer (DrTm)                      Turns: 6085, Time: 00:06:34

Health: -2/79      AC:  0    Str: 14    XL:     8   Next: 21%
Magic:  3/11       EV: 10    Int: 15    God:
Gold:   260        SH:  0    Dex: 11    Spells: 1/11 levels left

rFire   x . .      SeeInvis .     - Unarmed
rCold   + + +      Faith    +   (shield currently unavailable)
rNeg    . . .      Spirit   .   (body armour unavailable)
rPois   +          Reflect  .   (helmet currently unavailable)
rElec   .          Harm     .   (cloak currently unavailable)
rCorr   .          Rampage  .   (gloves currently unavailable)
Will    .....                   (boots currently unavailable)
Stlth   +.........              f - amulet of faith
HPRegen 0.23/turn               (no ring)
MPRegen 0.12/turn               (no ring)

@: confused, ice-form, corroded, very slightly contaminated
A: freezing attack, amphibious, boosted hp, (breathe frost), AC +6, large,
unfitting armour, (cold resistance 1), (cold-blooded)
a: End Transformation


You were on level 6 of the Dungeon.
You were a creature of crystalline ice.
You visited 1 branch of the dungeon, and saw 6 of its levels.
You also visited: Sewer.

You collected 260 gold pieces.

Inventory:

Missiles
 b - 4 boomerangs
 k - a curare-tipped dart
 l - 31 poisoned darts
Armour
 h - a +0 pair of gloves (melded)
Jewellery
 f - an amulet of faith (around neck)
Scrolls
 d - a scroll of summoning
 g - a scroll of amnesia
 m - a scroll of noise {unknown}
 q - a scroll of teleportation
Potions
 a - 3 potions of lignification
 c - 3 potions of mutation
 e - 2 potions of resistance {unknown}
 i - a potion of magic
 j - 3 potions of heal wounds
 n - 2 potions of curing
 o - a potion of might
 p - a potion of invisibility {unknown}


   Skills:
 - Level 4.0 Fighting
 - Level 1.7 Dodging
 - Level 6.0 Unarmed Combat
 - Level 2.0 Spellcasting
 + Level 6.9 Transmutations
 - Level 4.0 Ice Magic


You had one spell level left.
You knew the following spells:

 Your Spells              Type           Power      Damage    Failure   Level
a - Beastly Appendage     Tmut           44%        N/A       1%          1
b - Wereblood             Tmut           22%        N/A       1%          2
c - Spider Form           Tmut/Pois      11%        N/A       16%         3
d - Ice Form              Ice/Tmut       17%        N/A       24%         4

Your spell library contained the following spells:

 Spells                   Type           Power      Damage    Failure   Level
 Blade Hands              Tmut           11%        N/A       34%         5
 Confusing Touch          Hex            1%         N/A       54%         3
 Irradiate                Conj/Tmut      5%         3d13      83%         5
 Yara's Violent Unravell  Hex/Tmut       5%         3d4       83%         5
 Fulminant Prism          Conj/Hex       0%         3d6       91%         4
 Iskenderun's Mystic Bla  Conj/Tloc      1%         2d3       91%         4
 Lee's Rapid Deconstruct  Erth           0%         3d5*      99%         5
 Summon Forest            Summ/Tloc      0%         N/A       99%         5
 Summon Mana Viper        Hex/Summ       1%         N/A       99%         5
 Summon Cactus Giant      Summ           0%         N/A       100%        6
 Dragon Form              Tmut           11%        N/A       100%        7
 Enfeeble                 Hex            0%         N/A       100%        7


Dungeon Overview and Level Annotations

Branches:
Dungeon (7/15)              Sewer (visited)
 Temple: D:4-7

Altars:


Innate Abilities, Weirdness & Mutations

You are a creature of crystalline ice.
You have a powerful freezing melee attack.
You are amphibious.
Your maximum health is increased.
Your armour is entirely melded.
You are incapable of wielding weapons or throwing items.
((You can breathe waves of freezing cold which knock back foes.))
((Your icy white scales are hard. (AC +6)))
You cannot fit into any form of body armour.
((Your flesh is cold resistant. (rC+)))
((You are cold-blooded and may be slowed by cold attacks.))


Message History

You kill the orc wizard!
A jelly is nearby!
The jelly hits you but does no damage.
Things that are here:
a +1 dagger of electrocution; a +0 robe You hit the jelly.
Your hands burn!
The jelly is moderately wounded.
The jelly barely misses you.
You hit the jelly. The acid corrodes you!
Your hands burn!
The jelly is heavily wounded.
The jelly hits you.
You are splashed with acid!
You hit the jelly.
Your hands burn!
The jelly is severely wounded.
The jelly hits you. The acid corrodes you!
You are splashed with acid!
You punch the jelly!
You kill the jelly!
No target in view!
You start resting.
An orc warrior comes into view.
It is wielding a +0 halberd and quivering silver javelins.
An orc warrior is nearby!
Casting: Ice Form (dangerous; 24% risk of failure)
Confirm with . or Enter, or press ? or * to list all spells.
You miscast Ice Form.
You are very lightly contaminated with residual magic.
Strange energies run through your body.
The orc warrior shouts!
You hear a shout!
The orc warrior unwields a +0 halberd.
The orc warrior wields a +0 arbalest.
The orc warrior shoots a bolt.
The bolt hits you!
An orc wizard comes into view. It is wielding a +0 dagger.
You hear a shout!
Unknown command.
Casting: Ice Form (dangerous; 24% risk of failure)
Confirm with . or Enter, or press ? or * to list all spells.
You turn into a creature of crystalline ice.
Your +0 pair of gloves melds into your body.
The orc wizard shouts!
The orc wizard points at you and mumbles some strange words.
You are confused.
The orc warrior shoots a bolt.
The bolt hits you!!
You die...

#.........#
#.........####
######'####......####
#...#.....#......#o..
#...#.....#......'o..
#...#.....#......#...
#...##....#......#
###...##....#......#
#...........#..Y...#
#...........#......#
#...........#......#
#########...#......#
####...###...#......#
.........+...#.!....#
.....>...#...#......'
.........#...#......#.
.........#...#


You could see an orc warrior and an orc wizard.

Vanquished Creatures
  Sigmund (D:2)
  Eustachio (D:4)
  An ogre (D:4)
  A phantom (D:6)
  2 kobold brigands (Sewer)
  2 jellies (D:6)
  An orc priest (D:4)
  2 hounds (D:4)
  An iguana (D:4)
  Jessica (D:2)
  Terence (D:3)
  Natasha (thrice) (D:4)
  2 orc wizards
  8 adders
  5 river rats (Sewer)
  A worm (D:2)
  2 dart slugs (D:1)
  9 orcs
  4 endoplasms
  7 giant cockroaches
  6 goblins
  7 hobgoblins
  6 jackals (D:1)
  2 quokkas
  6 ball pythons
  2 bats
  7 frilled lizards
  22 kobolds
  29 rats
142 creatures vanquished.

Vanquished Creatures (others)
  4 fungi (D:2)
  10 plants (D:2)
14 creatures vanquished.

Grand Total: 156 creatures vanquished

Notes
Turn   | Place    | Note
-------+----------+-------------------------------------------
     0 | D:1      | MisterFreud the Draconian Transmuter began the quest for
                  | the Orb.
     0 | D:1      | Reached XP level 1. HP: 16/16 MP: 3/3
   416 | D:1      | Reached XP level 2. HP: 21/23 MP: 3/5
  1216 | D:2      | Reached XP level 3. HP: 25/28 MP: 4/6
  1348 | D:2      | Noticed Sigmund
  1362 | D:2      | Killed Sigmund
  1363 | D:2      | Reached skill level 5 in Transmutations
  1363 | D:2      | Reached XP level 4. HP: 22/37 MP: 5/7
  1363 | D:2      | Reached XP level 5. HP: 25/42 MP: 5/8
  1367 | D:2      | Learned a level 2 spell: Wereblood
  1371 | D:2      | Learned a level 3 spell: Spider Form
  1587 | D:2      | Found a faded altar of an unknown god.
  1872 | D:2      | Noticed Jessica
  1880 | D:2      | Killed Jessica
  2468 | D:3      | Reached XP level 6. HP: 44/51 MP: 3/9
  2481 | D:3      | Identified the +1 scale mail "Jeutrod" {rF+}
  2693 | D:3      | Identified the +12 dagger of the Sun {holy, rC+ rCorr
                  | Int-5}
  2709 | D:3      | Noticed Terence
  2717 | D:3      | Killed Terence
  3571 | D:4      | Found a glowing drain.
  3626 | Sewer    | Entered a sewer
  4069 | Sewer    | Reached skill level 5 in Unarmed Combat
  4510 | Sewer    | Your scales start taking on an icy white colour.
  4510 | Sewer    | Reached XP level 7. HP: 54/59 MP: 7/10
  4510 | Sewer    | Gained mutation: Your flesh is cold resistant. (rC+) [White
                  | Draconian growth]
  4559 | Sewer    | Learned a level 4 spell: Ice Form
  5226 | D:4      | Noticed Eustachio
  5248 | D:4      | Killed Eustachio
  5443 | D:4      | Noticed Natasha
  5450 | D:4      | Killed Natasha
  5614 | D:4      | Noticed Natasha
  5619 | D:4      | Killed Natasha
  5628 | D:4      | Noticed Natasha
  5631 | D:4      | Killed Natasha
  5632 | D:4      | Reached XP level 8. HP: 62/66 MP: 6/11
  5780 | D:4      | You fall into a shaft and drop 3 floors!
  6085 | D:6      | Shot with a bolt by an orc warrior

Illustrated notes

Levels and vault maps discovered:
D:1:      dpeg_arrival_pond, layout_rooms
D:2:      layout_basic, shapermc_ecumenical_altar_mp_ritualfount, uniq_sigmund,
          uniq_jessica
D:3:      layout_loops_cross, dk_noncrumbling_2, uniq_terence
D:4:      layout_loops_ring, gup_sewer_entry_glass, uniq_natasha, uniq_eustachio
D:6:      layout_gridville, minmay_mini_ossuary, uniq_duvessa,
          uniq_blork_the_orc, uniq_edmund
D:7:      layout_basic, fedhas_altar_2, gammafunk_temple_overflow_wave,
          minmay_temple_entry_hall, serial_co_window_serial, co_window_paths_b,
          co_window_paths_a, co_window_paths_a, co_window_of_opportunity_a,
          co_window_corner_a, co_window_corner_a, co_window_corner_a,
          co_window_paths_c, co_window_corner_ca, co_window_2corner,
          co_window_corner_cb, co_window_broadway_b, co_window_sun,
          reono_crystal_passage

Skill      XL: |  1  2  3  4  5  6  7  8 |
---------------+-------------------------+-----
Transmutations | 3 5 6 |  6.9
Fighting       | 2 3 4 |  4.0
Unarmed Combat | 4 5 6 |  6.0
Ice Magic      | 3 4 |  4.0
Dodging        | |  1.7
Spellcasting   | |  2.0

Action                   |  1- 3 |  4- 6 |  7- 9 || total
-------------------------+-------+-------+-------++-------
Melee: Unarmed           |    70 |   262 |    82 ||   414
       Tailslap          |    13 |    13 |     4 ||    30
       Headbutt          |     8 |    12 |     1 ||    21
       Kick              |     5 |    19 |       ||    24
       Punch             |     2 |     2 |     2 ||     6
 Cast: Beastly Appendage |    14 |    21 |     1 ||    36
       Spider Form       |       |    12 |     7 ||    19
       Ice Form          |       |       |     3 ||     3
 Abil: Breathe Frost     |       |       |     2 ||     2
       End Transformatio |       |       |     1 ||     1
  Use: Scroll            |     4 |     3 |     3 ||    10
       Potion            |     1 |       |     1 ||     2
 Stab: Sleeping          |       |     2 |       ||     2
       Distracted        |       |     1 |       ||     1
Armor: Skin              |    21 |    74 |    26 ||   121
Dodge: Dodged            |    45 |   280 |    55 ||   380
